 Dungeon Crawl Stone Soup version 0.21.1-1-g345015f (webtiles) character file.

1979 Opti87 the Cleaver (level 9, 0/81 HPs)
             Began as a Hill Orc Monk on May 10, 2018.
             Splashed by a brown ugly thing's acid (9 damage)
             ... on level 7 of the Dungeon.
             The game lasted 00:50:21 (8620 turns).

Opti87 the Cleaver (Hill Orc Monk)                  Turns: 8620, Time: 00:50:22

Health: 0/81       AC:  4    Str: 17    XL:     9   Next: 20%
Magic:  9/9        EV:  8    Int: 10    God:
Gold:   322        SH: 14    Dex: 13    Spells: 8/8 levels left

rFire    x . .     SeeInvis .   H - +1 hand axe (freeze)
rCold    + + .     Gourm    .   f - +0 large shield
rNeg     . . .     Faith    +   S - +3 leather armour {rC+}
rPois    .         Spirit   .   j - +2 hat
rElec    .         Reflect  .   K - +2 cloak
rCorr    .         Harm     .   (no gloves)
MR       .....                  (no boots)
Stlth    ++........             M - amulet of faith
HPRegen  0.23/turn              o - ring of flight
MPRegen  0.11/turn              I - ring of ice

@: corroded
A: no striking features
a: Evoke Flight


You were on level 7 of the Dungeon.
You were hungry.

You visited 1 branch of the dungeon, and saw 7 of its levels.
You also visited: Sewer and Ossuary.

You collected 322 gold pieces.

Inventory:

Hand Weapons
 a - a +0 hand axe
 E - a -1 war axe
 H - a +1 hand axe of freezing (weapon)
 J - a +4 quarterstaff of chaos
Armour
 b - a +0 robe
 f - a +0 large shield (worn)
 h - a +0 ring mail
 j - a +2 hat (worn)
 w - a +0 scale mail
 z - a +0 cloak
 K - a +2 cloak (worn)
 S - a +3 leather armour of cold resistance (worn)
 T - a +0 helmet
Jewellery
 o - a ring of flight (left hand)
 I - a ring of ice (right hand)
 M - an amulet of faith (around neck)
 R - an uncursed ring of poison resistance {unknown}
 U - an uncursed ring of see invisible {unknown}
Wands
 n - a wand of iceblast (5)
 y - a wand of flame (23)
Scrolls
 c - a scroll of enchant armour {unknown}
 g - a scroll of random uselessness {unknown}
 i - a scroll of immolation
 k - a scroll of blinking {unknown}
 p - 5 scrolls of identify {@r1}
 q - a scroll of noise
 r - 3 scrolls of remove curse {@r2}
 u - a scroll of amnesia
 C - a scroll of teleportation {unknown}
 D - a scroll of enchant weapon {unknown}
 L - 2 scrolls of fear {unknown}
 O - a scroll of magic mapping {unknown}
Potions
 d - 2 potions of heal wounds {unknown}
 e - 2 potions of resistance {unknown}
 l - a potion of magic {unknown}
 m - a potion of flight {unknown}
 s - 4 potions of curing {unknown}
 t - a potion of invisibility
 v - 3 potions of might {unknown}
 A - a potion of brilliance {unknown}
 B - a potion of haste {unknown}
 F - 2 potions of mutation {unknown}
 N - 2 potions of agility {unknown}
 P - 3 potions of ambrosia {unknown}
Books
 G - a book of Battle

   Spells                             Type                      Level
   a - Infusion                       Charms                       1
   b - Shroud of Golubria             Charms/Translocation         2
   c - Song of Slaying                Charms                       2
   d - Spectral Weapon                Hexes/Charms                 3
   e - Regeneration                   Charms/Necromancy            3
 Q - a book of Misfortune

   Spells                             Type                      Level
   a - Confusing Touch                Hexes                        1
   b - Confuse                        Hexes                        3
   c - Gell's Gravitas                Translocation                3
   d - Petrify                        Transmutation/Earth          4
   e - Metabolic Englaciation         Hexes/Ice                    5
   f - Yara's Violent Unravelling     Hexes/Transmutation          5
Comestibles
 x - 5 rations


   Skills:
 + Level 7.9 Fighting
 + Level 8.8 Axes
 + Level 6.2 Armour
 - Level 2.4 Dodging
 - Level 2.0 Stealth
 + Level 6.0 Shields


You had 8 spell levels left.
You didn't know any spells.

Dungeon Overview and Level Annotations

Branches:
Dungeon (7/15)             Temple (0/1) D:4

Altars:
Cheibriados
Elyvilon
Gozag
Hepliaklqana
Sif Muna
Trog
Wu Jian
Xom
Yredelemnul
The Shining One


Message History

The brown ugly thing is heavily wounded.
The brown ugly thing engulfs you. The acid corrodes you!
You are splashed with acid!
The acid burns!
Your shield prevents you from hitting the brown ugly thing.
The brown ugly thing is heavily wounded.
The brown ugly thing engulfs you!
You are splashed with acid!
The acid burns!
* * * LOW HITPOINT WARNING * * *
As you read the scroll labeled PISAZUPRUNYH, it crumbles to dust.
You hear a loud clanging noise!
It was a scroll of noise.
You block the brown ugly thing's attack.
As you read the scroll labeled QEDGHI PORPHIM, it crumbles to dust.
It is a scroll of amnesia.
You feel forgetful for a moment. The brown ugly thing barely misses you.
As you read the scroll labeled VEARIR LEILLUO, it crumbles to dust.
The creatures around you are filled with an inner flame!
It was a scroll of immolation.
The brown ugly thing engulfs you!
* * * LOW HITPOINT WARNING * * *
You are splashed with acid!
The acid burns!
You die...

............# #.......#
............# #........
............# #........
...........# ###.###.#
#######.#### #.# #.# #.#
#.# #.# #.# #.# #..
#.##########.#####
#@##............#
#u##....))......#
#.##............#
#.##............##
#.##..............
...u....##...<..........
..########..............
#..............
#..............


You could see a brown ugly thing (inner flame).

Vanquished Creatures
  Eustachio (D:6)
  Duvessa (D:6)
  A black bear (D:6)
  An ice beast (D:6)
  A necrophage (D:7)
  An ogre (D:5)
  A crocodile (D:7)
  A big kobold (Sewer)
  4 bullfrogs
  Dowan (D:6)
  A water moccasin skeleton (D:5)
  3 scorpions
  2 jellies
  A quasit (D:3)
  Crazy Yiuf (D:5)
  3 orc wizards
  2 iguanas
  A worker ant (D:5)
  Terence (D:3)
  6 big kobold zombies (Ossuary)
  A mummy (Ossuary)
  A howler monkey zombie (D:7)
  6 adders
  2 river rats (D:3)
  4 shadow imps (Sewer)
  2 ufetubi (Sewer)
  5 oozes
  An adder zombie (D:7)
  2 adder skeletons
  2 dart slugs
  2 worms
  4 leopard geckos
  17 orcs
  5 spectral bats (Ossuary)
  5 ball pythons
  9 giant cockroaches
  4 goblins (D:2)
  6 hobgoblins
  4 jackals (D:1)
  4 quokkas
  6 bats
  2 frilled lizards (D:3)
  6 gnoll zombies (Ossuary)
  4 goblin simulacra (Ossuary)
  3 goblin zombies (Ossuary)
  4 hobgoblin zombies (Ossuary)
  17 kobolds
  2 kobold simulacra (Ossuary)
  6 kobold zombies
  A leopard gecko zombie (D:5)
  7 orc zombies (Ossuary)
  8 rats
  A rat simulacrum (Ossuary)
  4 spectral goblins (Ossuary)
  A spectral kobold (Ossuary)
  6 spectral rats (Ossuary)
198 creatures vanquished.

Vanquished Creatures (others)
  A big kobold zombie (Sewer)
1 creature vanquished.

Grand Total: 199 creatures vanquished

Notes
Turn   | Place    | Note
-------+----------+-------------------------------------------
     0 | D:1      | Opti87 the Hill Orc Monk began the quest for the Orb.
     0 | D:1      | Reached XP level 1. HP: 19/19 MP: 1/1
    92 | D:1      | Reached XP level 2. HP: 18/27 MP: 2/2
   793 | D:1      | Reached skill level 1 in Armour
   839 | D:1      | Reached XP level 3. HP: 25/33 MP: 3/3
  1561 | D:2      | Found a bloodstained altar of Trog.
  1603 | D:2      | Reached skill level 1 in Shields
  1646 | D:2      | Reached XP level 4. HP: 39/40 MP: 4/4
  1724 | D:2      | Found a basalt altar of Yredelemnul.
  2367 | D:3      | Reached skill level 5 in Axes
  2483 | D:3      | You fall through a shaft!
  2572 | D:4      | Found a snail-covered altar of Cheibriados.
  2659 | D:3      | Noticed Terence
  2812 | D:3      | Reached XP level 5. HP: 32/47 MP: 5/5
  2912 | D:3      | Found a glowing drain.
  2931 | Sewer    | Entered a sewer
  3384 | Sewer    | Noticed a big kobold
  3415 | Sewer    | Killed a big kobold
  3415 | Sewer    | Reached skill level 5 in Fighting
  3415 | Sewer    | Reached XP level 6. HP: 24/56 MP: 6/6
  3620 | Sewer    | Found a burning altar of Makhleb.
  3625 | Sewer    | Noticed Grinder
  3639 | Sewer    | Paralysed by Grinder for 6 turns
  3647 | Sewer    | Paralysed by Grinder for 6 turns
  3909 | D:3      | Killed Terence
  4036 | D:3      | Found a glowing golden altar of the Shining One.
  4037 | D:3      | Found a white marble altar of Elyvilon.
  4045 | D:3      | Found an ornate altar of the Wu Jian Council.
  4047 | D:3      | Found a shimmering altar of Xom.
  4049 | D:3      | Found an opulent altar of Gozag.
  4179 | D:4      | Reached skill level 6 in Axes
  4548 | D:4      | Found a staircase to the Ecumenical Temple.
  4887 | D:5      | Entered Level 5 of the Dungeon
  5015 | D:5      | Found a hazy altar of Hepliaklqana.
  5058 | D:5      | Reached XP level 7. HP: 43/61 MP: 7/7
  5523 | D:5      | Found a deep blue altar of Sif Muna.
  6016 | D:5      | Found a runed door.
  6020 | D:5      | Noticed Crazy Yiuf
  6031 | D:5      | Killed Crazy Yiuf
  6299 | D:6      | Reached skill level 7 in Axes
  6299 | D:6      | Reached XP level 8. HP: 58/70 MP: 8/8
  6434 | D:6      | Found a sand-covered staircase.
  6508 | Ossuary  | Entered an ossuary
  7136 | D:6      | Noticed Eustachio
  7146 | D:6      | Reached skill level 5 in Armour
  7204 | D:6      | Killed Eustachio
  7204 | D:6      | Reached skill level 5 in Shields
  7469 | D:6      | Reached skill level 8 in Axes
  7493 | D:6      | Noticed Dowan
  7570 | D:6      | Noticed Duvessa
  7613 | D:6      | Killed Duvessa
  7613 | D:6      | Killed Dowan
  7935 | D:6      | Reached XP level 9. HP: 73/79 MP: 9/9
  8602 | D:7      | Noticed a brown ugly thing
  8620 | D:7      | Splashed by a brown ugly thing's acid

Skill      XL: |  1  2  3  4  5  6  7  8  9 |
---------------+----------------------------+-----
Armour         | 1 2 3 4 5 6 |  6.2
Stealth        | 2 |  2.0
Fighting       | 4 5 6 7 |  7.9
Shields        | 1 2 3 4 5 6 |  6.0
Axes           | 5 6 7 8 |  8.8
Dodging        | |  2.4

Action                   |  1- 3 |  4- 6 |  7- 9 || total
-------------------------+-------+-------+-------++-------
Melee: Hand axe          |   142 |   350 |   509 ||  1001
       War axe           |       |       |    27 ||    27
Evoke: Wand              |       |       |    12 ||    12
  Use: Potion            |     1 |     1 |       ||     2
       Scroll            |       |     1 |     6 ||     7
 Stab: Sleeping          |     1 |     2 |       ||     3
  Eat: Chunk             |     2 |     8 |     9 ||    19
       Ration            |       |     1 |     1 ||     2
Armor: Robe              |     8 |       |       ||     8
       Skin              |     4 |     3 |       ||     7
       Ring mail         |    18 |   147 |       ||   165
       Scale mail        |       |    22 |   127 ||   149
       Leather armour    |       |       |    23 ||    23
Dodge: Dodged            |    53 |    93 |    73 ||   219
Block: Large shield      |    44 |   249 |   255 ||   548
